 Dungeon Crawl Stone Soup version 0.22-a0-406-g9ff8d77 (webtiles) character file.

166442 dstrtnsr the Warrior (level 17, -3/166 HPs)
             Began as a Minotaur Berserker on May 9, 2018.
             Was a High Priest of Trog.
             Succumbed to a swamp dragon's poison gas
             ... on level 4 of the Swamp.
             The game lasted 00:30:50 (24950 turns).

dstrtnsr the Warrior (Minotaur Berserker)          Turns: 24950, Time: 00:30:51

Health: -3/166     AC: 32    Str: 28    XL:     17   Next: 29%
Magic:  18/18      EV: 10    Int:  3    God:    Trog [*****.]
Gold:   534        SH: 13    Dex: 10    Spells: 16/16 levels left

rFire    . . .     SeeInvis +   A - +9 broad axe of Triumph {venom, +Blink rElec Str+2 Int-4}
rCold    + . .     Gourm    .   G - +0 shield
rNeg     + . .     Faith    +   k - +4 crystal plate armour
rPois    .         Spirit   .   (helmet restricted)
rElec    +         Reflect  .   j - +2 cloak
rCorr    .         Harm     .   E - +0 pair of gloves "Unuodek" {rElec rN+ SInv}
MR       ++...                  (no boots)
Stlth    ..........             F - amulet of faith
HPRegen  0.37/turn              m - ring of protection from magic
MPRegen  0.16/turn              c - ring of protection from cold

@: lethally poisoned (-3 -> -44), berserk cooldown, starving, slowed, very slow
A: retaliatory headbutt, horns 2
a: Berserk, Trog's Hand, Brothers in Arms, Renounce Religion, Evoke Blink


You were on level 4 of the Swamp.
You worshipped Trog.
Trog was extremely pleased with you.
You were starving.

You visited 4 branches of the dungeon, and saw 26 of its levels.
You visited 1 bazaar.

You collected 2698 gold pieces.
You spent 2164 gold pieces at shops.

Inventory:

Hand Weapons
 A - the +9 broad axe of Triumph (weapon) {venom, +Blink rElec Str+2 Int-4}
   (Trog gifted it to you on level 2 of the Orcish Mines)

   It poisons the flesh of those it strikes.
   It affects your strength (+2).
   It affects your intelligence (-4).
   It insulates you from electricity.
   It lets you blink.
Missiles
 i - 4 throwing nets (quivered)
Armour
 j - a +2 cloak (worn)
 k - a +4 crystal plate armour (worn)
 E - the +0 pair of gloves "Unuodek" (worn) {rElec rN+ SInv}
   (You found it on level 13 of the Dungeon)

   It insulates you from electricity.
   It protects you from negative energy.
   It lets you see invisible.
 G - a +0 shield (worn)
Jewellery
 c - a ring of protection from cold (right hand)
 m - a ring of protection from magic (left hand)
 z - an uncursed ring of protection from magic
 F - an amulet of faith (around neck)
 O - a +3 ring of evasion
Wands
 a - a wand of scattershot (12)
 C - a wand of acid (45)
 D - a wand of disintegration (23)
 I - a wand of clouds (9)
 M - a wand of polymorph (7)
 P - a wand of paralysis (46)
 V - a wand of digging (20)
Scrolls
 d - 4 scrolls of fog
 f - a scroll of summoning
 l - 12 scrolls of remove curse {@r2}
 n - 6 scrolls of magic mapping
 t - 9 scrolls of teleportation {!d}
 u - a scroll of silence
 w - 2 scrolls of immolation
 y - a scroll of enchant weapon
 K - a scroll of fear
 N - a scroll of blinking
 Q - a scroll of vulnerability {unknown}
Potions
 b - 5 potions of mutation
 g - 5 potions of flight
 h - 3 potions of lignification
 o - 2 potions of brilliance
 p - a potion of heal wounds
 r - a potion of might
 s - a potion of berserk rage
 v - a potion of agility
 x - 6 potions of curing {@q1}
 B - a potion of magic
 H - 3 potions of cancellation
 J - a potion of invisibility
Miscellaneous
 q - a box of beasts
Comestibles
 e - 26 rations {!d}


   Skills:
 * Level 18.7 Fighting
 - Level 18.0 Axes
 + Level 14.5 Armour
 + Level 13.5 Dodging
 * Level 11.6 Shields
 + Level 3.2 Evocations


You had 16 spell levels left.
You didn't know any spells.

Dungeon Overview and Level Annotations

Branches:
Dungeon (14/15)              Lair (6/6) D:8           Swamp (4/4) Lair:2
  Snake (0/4) Lair:3          Orc (2/2) D:10            Elf (0/3) Orc:2
 Vaults (0/5) D:13
 Temple: D:4-7        Slime: Lair:5-6

Altars:
Ashenzari
Cheibriados
Dithmenos
Fedhas
Hepliaklqana
Makhleb
Nemelex Xobeh
Qazlal
Sif Muna
Trog
Uskayaw
Xom
Yredelemnul
Zin
The Shining One

Shops:
D:4 *   D:10 [(   Orc:1 *   Orc:2 [[?(

Annotations:
D:14 exclusion: Roxanne, Roxanne
Swamp:1 1 runed door


Innate Abilities, Weirdness & Mutations

You reflexively headbutt those who attack you in melee.
You have a pair of horns on your head.


Message History

You block the six-headed hydra's attack.
Unknown command.
You are too injured to fight recklessly!
You are too injured to fight recklessly!
You are too injured to fight recklessly!
You are too injured to fight recklessly!
Your crystal plate armour prevents you from hitting the six-headed hydra.
You are engulfed in poison gas.
You are more poisoned.
You feel sick.
You lop one of the six-headed hydra's heads off!
The five-headed hydra grows two more!
You slice the seven-headed hydra!! You headbutt the seven-headed hydra.
The seven-headed hydra is moderately wounded.
You are engulfed in poison gas.
You are more poisoned.
You feel sick. The seven-headed hydra bites you!
* * * LOW HITPOINT WARNING * * *
The seven-headed hydra bites you!
* * * LOW HITPOINT WARNING * * *
You block the seven-headed hydra's attack.
The seven-headed hydra barely misses you.
You block the seven-headed hydra's attack.
The seven-headed hydra barely misses you.
The seven-headed hydra closely misses you.
You hit the seven-headed hydra.
The seven-headed hydra is poisoned.
The seven-headed hydra is moderately wounded.
You barely miss the swamp dragon.
You are engulfed in poison gas.
You are more poisoned.
* * * LOW HITPOINT WARNING * * *
You feel very sick.
You hack one of the seven-headed hydra's heads off!
The six-headed hydra grows two more!
You hit the eight-headed hydra.
The eight-headed hydra looks as sick as possible!
Your headbutt misses the eight-headed hydra.
The eight-headed hydra is moderately wounded.
You slice the swamp dragon!!
You are engulfed in poison gas.
You are lethally poisoned!
* * * LOW HITPOINT WARNING * * *
x2 You feel very sick.
You lop one of the eight-headed hydra's heads off!
The seven-headed hydra grows two more!
You slice the nine-headed hydra!! You headbutt the nine-headed hydra!
The nine-headed hydra is almost dead.
You slash the swamp dragon!
The swamp dragon looks as sick as possible!
You are engulfed in poison gas.
You are more poisoned.
* * * LOW HITPOINT WARNING * * *
x2 You feel very sick.
You kill the nine-headed hydra!
Trog accepts your kill. You block the swamp dragon's attack. x3
* * * LOW HITPOINT WARNING * * *
You feel very sick.
The swamp dragon bites you but does no damage.
The swamp dragon claws you but does no damage.
You block the swamp dragon's attack.
You see here a hydra corpse.
You enter the shallow water.
Moving in this stuff is going to be slow.
You feel a strong urge to attack something.
* * * LOW HITPOINT WARNING * * *
You feel very sick.
The swamp dragon bites you but does no damage.
You block the swamp dragon's attack. x2
Your shield and crystal plate armour prevent you from hitting the swamp dragon.
You headbutt the swamp dragon, but do no damage.
The swamp dragon is heavily wounded.
* * * LOW HITPOINT WARNING * * *
You feel very sick.
You slash the swamp dragon!
The swamp dragon is severely wounded.
* * * LOW HITPOINT WARNING * * *
You feel very sick. The swamp dragon completely misses you.
The swamp dragon claws you but does no damage.
The swamp dragon tramples you but does no damage.
Your unstable footing causes you to fumble your attack.
* * * LOW HITPOINT WARNING * * *
You feel very sick.
You slice the swamp dragon!!
You kill the swamp dragon!
Trog accepts your kill.
You hear a splash.
The swamp dragon scales are intact enough to wear.
* * * LOW HITPOINT WARNING * * *
You feel sick. Why would you want to do that?
You are no longer berserk.
You are exhausted.
You feel yourself slow down.
* * * LOW HITPOINT WARNING * * *
You feel very sick.
You see here a hydra corpse.
* * * LOW HITPOINT WARNING * * *
You feel extremely sick.
* * * LOW HITPOINT WARNING * * *
You feel extremely sick.
You die...

♣≈D.##≈≈.#≈≈###≈≈≈#
#§.≈.≈≈.##≈≈≈≈≈≈≈≈≈
♣.#≈#≈♣≈#..≈#≈#≈#≈#
#≈≈#≈♣≈≈≈.≈..#.#≈.≈
#.≈≈≈≈≈≈≈≈.†≈≈.≈≈≈.
#.≈≈##§≈≈♣.≈≈#≈#.≈.
♣≈†≈#.#.≈≈#≈#...#≈#
#..≈#..#≈#≈.≈...≈.≈
#≈@≈#.#.≈≈♣≈#...#≈#
#.≈≈###§≈#≈≈.#≈#≈≈≈
♣.≈≈≈≈≈≈≈..≈§≈.≈≈≈.
♣.♣≈##≈≈≈.≈.≈#≈♣≈.≈
#≈≈#≈≈#.#≈..♣≈#≈#..
#≈,≈§≈≈.≈#≈≈≈≈≈≈≈≈#
#≈,≈##≈≈.#§≈≈.#?≈≈#
#.≈**,*≈≈≈*≈≈#,*#≈#
*,≈*,,,*≈*≈≈*,,,#≈≈


There were no monsters in sight!

Vanquished Creatures
  Nikola (Swamp:3)
  Aizul (Swamp:1)
  The ghost of p0werm0de the Demolition Dwarf, a journeyman DDFi of Makhleb (Swamp:4)
  The ghost of dstrtnsr the Severer, a journeyman MiBe of Trog (D:12)
  A fire dragon (Lair:6)
  A green death (Swamp:4)
  2 death oozes (Swamp:4)
  A rakshasa (D:14)
  8 vault guards (D:13)
  2 ghost crabs
  14 hydras
  A centaur warrior (D:12)
  A catoblepas (Lair:3)
  2 two-headed ogres
  Erica (D:8)
  4 orc high priests (Orc:2)
  7 alligators
  A thrashing horror (Swamp:4)
  Nergalle (D:11)
  3 deep elf knights (D:12)
  A fire crab (Lair:6)
  A wizard (D:10)
  5 swamp dragons
  2 shambling mangroves
  A lindwurm (Lair:6)
  6 orc knights
  2 deep elf magi (D:12)
  9 ugly things
  3 orc sorcerers
  4 elephants (Lair:6)
  A manticore (D:13)
  Maurice (D:11)
  2 cyclopes
  8 black mambas
  Joseph (D:8)
  2 molten gargoyles (Lair:6)
  14 spiny frogs
  A gargoyle (D:12)
  A large abomination (Swamp:4)
  7 orange demons
  2 centaur skeletons
  8 komodo dragons
  2 kobold demonologists (D:11)
  2 rime drakes
  A redback zombie (D:14)
  2 red devils (D:13)
  3 polar bears
  2 trolls
  Prince Ribbit (D:8)
  10 bog bodies
  6 tyrant leeches
  8 hornets
  Grinder (D:3)
  The ghost of inmateoo the Covered, an amateur HaFi (D:4)
  6 slime creatures (Swamp:4)
  32 blink frogs
  11 hippogriffs
  4 shadows
  5 spriggans
  2 wraiths
  2 wyverns
  37 yaks
  3 basilisks (Lair:6)
  A hungry ghost (D:14)
  5 wargs
  4 steam dragons
  6 vampire mosquitoes
  9 swamp worms
  3 insubstantial wisps (Swamp:1)
  An acid dragon (D:14)
  13 water moccasins
  5 hell hounds (Lair:6)
  A soldier ant (D:13)
  10 porcupines
  34 orc warriors
  4 swamp drakes
  A sky beast (D:5)
  4 ice beasts
  9 ogres
  A necrophage (D:11)
  5 wolves (Lair:2)
  An eye of draining (D:12)
  2 phantoms
  A centaur (D:7)
  16 crocodiles
  5 big kobolds
  21 bullfrogs
  3 gnoll sergeants
  A wyvern skeleton (D:14)
  A wyvern zombie (D:9)
  3 scorpions
  16 killer bees
  7 howler monkeys
  4 wights (D:13)
  4 lava snakes (Lair:6)
  A centaur zombie (D:5)
  5 crimson imps
  A quasit (D:10)
  2 bullfrog zombies
  A gnoll shaman (D:8)
  30 orc priests
  6 hounds
  3 jellies
  A bullfrog skeleton (D:13)
  4 iguanas
  Ijyb (D:3)
  Natasha (thrice) (D:3)
  25 orc wizards
  7 worker ants
  A hound zombie (D:7)
  A hound skeleton (D:10)
  26 gnolls
  2 howler monkey skeletons (D:5)
  10 adders
  4 shadow imps
  2 oozes
  2 adder zombies (D:6)
  2 worms (D:3)
  2 dart slugs (D:2)
  4 leopard geckos
  89 orcs
  A ball python (D:7)
  4 bats
  3 giant cockroaches
  6 hobgoblins
  3 jackals
  8 quokkas
  12 goblins
  10 kobolds
  A leopard gecko skeleton (D:6)
  A quokka zombie (D:6)
  5 rats
  2 briar patches (Swamp:4)
  7 fungi
  A plant (Lair:6)
777 creatures vanquished.

Vanquished Creatures (collateral kills)
  A thorn hunter (Swamp:4)
  The ghost of Totori the Warrior, a journeyman DrBe of Trog (Orc:2)
  2 very ugly things (Swamp:4)
  A green death (Swamp:4)
  A hell beast (Swamp:4)
  An alligator (Swamp:1)
  An orc high priest (Orc:2)
  A spriggan (Swamp:1)
  3 orc knights (Orc:2)
  An ugly thing (Swamp:4)
  An orc sorcerer (Orc:2)
  3 slime creatures (Swamp:4)
  A rime drake (Lair:3)
  2 komodo dragons
  A hornet (Swamp:1)
  4 blink frogs (Lair:6)
  A basilisk (Lair:6)
  A warg (Orc:2)
  A porcupine (Lair:2)
  2 orc warriors (Orc:2)
  A swamp drake (Swamp:1)
  A lava snake (Lair:6)
  An orc priest (Orc:2)
  A fungus (Swamp:1)
34 creatures vanquished.

Vanquished Creatures (others)
  A giant cockroach (D:1)
  3 briar patches (Swamp:4)
  4 fungi
  2 plants (Lair:6)
10 creatures vanquished.

Grand Total: 821 creatures vanquished

Notes
Turn   | Place    | Note
-------+----------+-------------------------------------------
     0 | D:1      | dstrtnsr the Minotaur Berserker began the quest for the Orb.
     0 | D:1      | Reached XP level 1. HP: 19/19 MP: 0/0
   164 | D:2      | Reached XP level 2. HP: 20/27 MP: 1/1
   273 | D:2      | Found a shattered altar of Ashenzari.
   273 | D:2      | Found a hide-covered altar of Uskayaw.
   275 | D:2      | Found a basalt altar of Yredelemnul.
   496 | D:2      | Reached XP level 3. HP: 32/33 MP: 2/2
   706 | D:3      | Reached skill level 5 in Axes
   824 | D:3      | Reached ** piety under Trog
   825 | D:3      | Noticed Natasha
   825 | D:3      | Noticed Grinder
   833 | D:3      | Killed Grinder
   833 | D:3      | Reached skill level 5 in Fighting
   833 | D:3      | Reached XP level 4. HP: 36/42 MP: 3/3
   833 | D:3      | Reached XP level 5. HP: 41/48 MP: 4/4
   836 | D:3      | Killed Natasha
   836 | D:3      | Reached XP level 6. HP: 43/56 MP: 5/5
   837 | D:3      | HP: 33/84 [worm (10)]
  1216 | D:3      | Noticed Ijyb
  1225 | D:3      | Killed Ijyb
  1454 | D:3      | Noticed Natasha
  1460 | D:3      | Killed Natasha
  1533 | D:3      | Noticed Natasha
  1543 | D:3      | Killed Natasha
  1884 | D:4      | Reached XP level 7. HP: 63/63 MP: 6/6
  2067 | D:4      | Found Goowkag's Assorted Antiques.
  2070 | D:4      | Bought a scroll labeled GUYCZYRAAG for 29 gold pieces
  2070 | D:4      | Bought a scroll labeled REETAF WALYIT for 29 gold pieces
  2070 | D:4      | Bought a metallic coppery potion for 26 gold pieces
  2271 | D:4      | Got a smelly leather armour
  2282 | D:4      | Identified the +1 leather armour "Tuedies" {Dex+3} (You found it on level 4 of the Dungeon)
  2366 | D:4      | Noticed inmateoo's ghost (amateur HaFi)
  2382 | D:4      | Killed inmateoo's ghost
  2385 | D:4      | HP: 26/66 [poisoned by inmateoo's ghost]
  2389 | D:4      | HP: 12/66 [poisoned by inmateoo's ghost]
  2394 | D:4      | HP: 25/66 [poisoned by inmateoo's ghost]
  2399 | D:4      | HP: 19/66 [poisoned by inmateoo's ghost]
  2404 | D:4      | HP: 15/66 [poisoned by inmateoo's ghost]
  2410 | D:4      | HP: 14/66 [poisoned by inmateoo's ghost]
  2418 | D:4      | HP: 14/66 [poisoned by inmateoo's ghost]
  2690 | D:4      | Reached *** piety under Trog
  2744 | D:4      | Found a deep blue altar of Sif Muna.
  2744 | D:4      | Found a sparkling altar of Nemelex Xobeh.
  2745 | D:4      | Found a shimmering altar of Xom.
  2816 | D:4      | Found a shadowy altar of Dithmenos.
  2959 | D:5      | Entered Level 5 of the Dungeon
  3042 | D:5      | Reached XP level 8. HP: 65/73 MP: 7/7
  3161 | D:5      | Reached skill level 10 in Axes
  3244 | D:5      | HP: 24/74 [something/magic dart (9)]
  3249 | D:5      | HP: 12/74 [poisoned by an orc wizard]
  3358 | D:5      | Got a bloodstained buckler
  3364 | D:5      | Identified the +0 buckler of Daissy {rElec MR+ Regen+ Int-4} (You found it on level 5 of the Dungeon)
  3364 | D:5      | Lost intelligence.
  4000 | D:5      | Found a burning altar of Makhleb.
  4003 | D:5      | Found a snail-covered altar of Cheibriados.
  4006 | D:5      | Found a stormy altar of Qazlal.
  4009 | D:5      | Found a blossoming altar of Fedhas.
  4395 | D:6      | Found a hazy altar of Hepliaklqana.
  4532 | D:6      | Reached **** piety under Trog
  4613 | D:6      | HP: 38/112 [orc warrior/flail (10)]
  4617 | D:6      | Reached XP level 9. HP: 43/82 MP: 8/8
  4865 | D:6      | Found a glowing silver altar of Zin.
  5346 | D:7      | HP: 31/83 [centaur (9)]
  5351 | D:7      | HP: 33/84 [poisoned by a killer bee]
  5356 | D:7      | HP: 30/84 [poisoned by a killer bee]
  5860 | D:7      | Reached skill level 10 in Fighting
  5988 | D:8      | Noticed Joseph
  5990 | D:8      | Received a gift from Trog
  6011 | D:8      | Noticed Prince Ribbit
  6012 | D:8      | Killed Joseph
  6097 | D:7      | HP: 34/86 [poisoned by a killer bee]
  6102 | D:7      | HP: 20/86 [poisoned by a killer bee]
  6107 | D:7      | HP: 14/86 [poisoned by a killer bee]
  6112 | D:7      | HP: 11/86 [poisoned by a killer bee]
  6118 | D:7      | HP: 9/86 [poisoned by a killer bee]
  6124 | D:7      | HP: 9/86 [poisoned by a killer bee]
  6129 | D:7      | HP: 10/86 [poisoned by a killer bee]
  6136 | D:7      | HP: 13/86 [poisoned by a killer bee]
  6144 | D:7      | HP: 16/86 [poisoned by a killer bee]
  6276 | D:8      | Noticed Erica
  6284 | D:8      | Killed Erica
  6284 | D:8      | Reached XP level 10. HP: 94/94 MP: 9/9
  6285 | D:8      | Killed Prince Ribbit
  6357 | D:8      | Reached ***** piety under Trog
  6408 | D:8      | HP: 33/94 [warg (12)]
  6413 | D:8      | HP: 6/94 [warg (14)]
  6419 | D:8      | HP: 10/141 [orc warrior/tomahawk of returning (17)]
  6604 | D:8      | Received a gift from Trog
  6656 | D:8      | HP: 54/142 [gnoll (5)]
  6661 | D:8      | HP: 54/142 [poisoned by a worker ant]
  6667 | D:8      | HP: 38/95 [poisoned by a worker ant]
  6676 | D:8      | HP: 36/95 [orc priest/divine providence (8)]
  6838 | D:8      | Found a staircase to the Lair.
  6908 | D:8      | Found a bloodstained altar of Trog.
  6937 | D:8      | Found a glowing golden altar of the Shining One.
  7226 | D:9      | Reached skill level 15 in Axes
  7867 | D:10     | Entered Level 10 of the Dungeon
  7962 | D:10     | Reached skill level 1 in Shields
  8218 | D:10     | Noticed a green ugly thing
  8219 | D:10     | Noticed a cyan ugly thing
  8220 | D:10     | Noticed a brown ugly thing
  8220 | D:10     | Noticed a white ugly thing
  8220 | D:10     | Noticed a brown ugly thing
  8221 | D:10     | Noticed a red ugly thing
  8423 | D:10     | Found Gunaw's Weapon Shop.
  8423 | D:10     | Found a staircase to the Orcish Mines.
  8423 | D:10     | Noticed an orc knight
  8427 | D:10     | Found Otzugad's Armour Shop.
  8434 | D:10     | Killed an orc knight
  8435 | D:10     | HP: 52/145 [orc warrior/glaive (10)]
  8437 | D:10     | Reached XP level 11. HP: 57/104 MP: 10/10
  8443 | D:10     | HP: 54/156 [orc warrior/enchanted glaive (5)]
  8454 | D:10     | Bought a +0 pair of gloves for 49 gold pieces
  8833 | Lair:1   | Entered Level 1 of the Lair of Beasts
  9350 | Lair:1   | Received a gift from Trog
  9969 | Lair:2   | HP: 60/156 [blink frog (12)]
 10082 | Lair:2   | Reached skill level 5 in Armour
 10333 | Lair:2   | HP: 38/104 [porcupine's spines (12)]
 10339 | Lair:2   | HP: 20/104 [porcupine (3)]
 10346 | Lair:2   | HP: 32/104 [porcupine (9)]
 10538 | Lair:2   | Reached skill level 5 in Dodging
 10784 | Lair:2   | Found a staircase to the Swamp.
 11052 | Lair:3   | Found a staircase to the Snake Pit.
 11213 | Lair:3   | HP: 33/105 [komodo dragon (15)]
 11337 | Lair:3   | Noticed a four-headed hydra
 11344 | Lair:3   | Killed a nine-headed hydra
 11344 | Lair:3   | Reached XP level 12. HP: 113/113 MP: 11/11
 11404 | Lair:3   | HP: 38/113 [spiny frog (16)]
 11410 | Lair:3   | HP: 55/169 [poisoned by a spiny frog]
 11415 | Lair:3   | HP: 35/113 [poisoned by a spiny frog]
 11420 | Lair:3   | HP: 36/113 [poisoned by a spiny frog]
 11425 | Lair:3   | HP: 38/113 [poisoned by a spiny frog]
 11430 | Lair:3   | HP: 41/113 [poisoned by a spiny frog]
 11613 | Lair:3   | Noticed a catoblepas
 11625 | Lair:3   | Killed a catoblepas
 12732 | Lair:4   | You fall through a shaft for 2 floors!
 12732 | Lair:6   | Entered Level 6 of the Lair of Beasts
 12916 | Lair:6   | Noticed a five-headed hydra
 12945 | Lair:6   | Killed a 14-headed hydra
 13129 | Lair:6   | HP: 46/115 [lindwurm (5)]
 13275 | Lair:6   | Found a large runed door.
 13275 | Lair:6   | Found a large runed door.
 13275 | Lair:6   | Noticed a fire dragon
 13457 | Lair:6   | Reached XP level 13. HP: 123/123 MP: 12/12
 13484 | Lair:6   | HP: 49/123 [komodo dragon (26)]
 13489 | Lair:6   | HP: 47/123 [poisoned by a black mamba]
 13494 | Lair:6   | HP: 47/123 [poisoned by a black mamba]
 13501 | Lair:6   | HP: 37/123 [poisoned by a black mamba]
 13730 | Lair:6   | Killed a fire dragon
 13884 | Lair:6   | Reached skill level 10 in Armour
 13884 | Lair:6   | Reached XP level 14. HP: 133/133 MP: 13/13
 13885 | Lair:6   | Reached skill level 15 in Fighting
 13885 | Lair:6   | Reached skill level 10 in Dodging
 13885 | Lair:6   | Reached XP level 15. HP: 141/141 MP: 14/14
 14069 | Lair:6   | HP: 48/141 [fire crab (9)]
 14074 | Lair:6   | HP: 43/211 [blink frog (2)]
 14086 | Lair:6   | HP: 34/141 [blink frog (3)]
 14383 | Lair:6   | Received a gift from Trog
 15321 | Lair:4   | Found a shadowy altar of Dithmenos.
 16048 | Orc:1    | Entered Level 1 of the Orcish Mines
 16412 | Orc:1    | Found a burning altar of Makhleb.
 16566 | Orc:1    | Found Gutied's General Store.
 16574 | Orc:1    | Bought a scroll of identify for 34 gold pieces
 16574 | Orc:1    | Bought a scroll of identify for 34 gold pieces
 16574 | Orc:1    | Bought a scroll of teleportation for 51 gold pieces
 16702 | Orc:2    | Entered Level 2 of the Orcish Mines
 16702 | Orc:2    | Found a flickering gateway to a bazaar.
 16705 | Orc:2    | Noticed Totori's ghost (journeyman DrBe)
 16711 | Bazaar   | Entered a bazaar
 16745 | Bazaar   | Found Tiuf's Antique Weapon Shoppe.
 16765 | Bazaar   | Found Xiethraoz's Book Boutique.
 16809 | Bazaar   | Found Tempigh's Antique Armour Shoppe.
 16882 | Orc:2    | HP: 56/143 [Totori's ghost (5)]
 16883 | Orc:2    | Killed Totori's ghost
 17124 | Orc:2    | Found a staircase to the Elven Halls.
 17401 | Orc:2    | Received a gift from Trog
 17604 | Orc:2    | HP: 56/144 [smoke demon/divine providence[an orc high priest] (13)]
 17787 | Orc:2    | Got a translucent broad axe {god gift}
 17788 | Orc:2    | Lost intelligence.
 17788 | Orc:2    | Identified the +9 broad axe of Triumph {venom, +Blink rElec Str+2 Int-4} (Trog gifted it to you on level 2 of the Orcish Mines)
 17984 | Orc:2    | HP: 86/217 [orc knight/war axe (21)]
 17993 | Orc:2    | HP: 48/145 [orc priest/divine providence (12)]
 17995 | Orc:2    | HP: 23/145 [orc warrior/dire flail (15)]
 18000 | Orc:2    | Reached skill level 5 in Shields
 18360 | Orc:2    | Found Zaliunio's Antique Weapon Shoppe.
 18363 | Orc:2    | Found Ikkador's Armour Shoppe.
 18364 | Orc:2    | Found Plog's Armour Shoppe.
 18365 | Orc:2    | Found Kuiji's Magic Scroll Emporium.
 18379 | Orc:2    | Bought a +1 crystal plate armour for 1479 gold pieces
 18392 | Orc:2    | Bought 3 scrolls of enchant armour for 382 gold pieces
 18392 | Orc:2    | Bought a scroll of teleportation for 51 gold pieces
 18553 | D:11     | Noticed Maurice
 18563 | D:11     | Killed Maurice
 18585 | D:11     | Noticed Nergalle
 18599 | D:11     | Killed Nergalle
 19386 | D:12     | Reached XP level 16. HP: 154/154 MP: 15/15
 19527 | D:12     | Noticed dstrtnsr's ghost (journeyman MiBe)
 19543 | D:12     | Killed dstrtnsr's ghost
 19969 | D:13     | Found a gate to the Vaults.
 20013 | D:13     | Received a gift from Trog
 20336 | D:13     | Got a pair of translucent gloves
 20347 | D:13     | Identified the +0 pair of gloves "Unuodek" {rElec rN+ SInv} (You found it on level 13 of the Dungeon)
 20721 | D:14     | Noticed Roxanne
 21202 | Swamp:1  | Entered Level 1 of the Swamp
 21368 | Swamp:1  | Noticed Aizul
 21388 | Swamp:1  | Killed Aizul
 21393 | Swamp:1  | HP: 62/157 [poisoned by Aizul (bolt of poison)]
 21398 | Swamp:1  | HP: 53/157 [poisoned by Aizul (bolt of poison)]
 21403 | Swamp:1  | HP: 47/157 [poisoned by Aizul (bolt of poison)]
 21408 | Swamp:1  | HP: 46/157 [poisoned by Aizul (bolt of poison)]
 21413 | Swamp:1  | HP: 43/157 [poisoned by Aizul (bolt of poison)]
 21418 | Swamp:1  | HP: 44/157 [poisoned by Aizul (bolt of poison)]
 21774 | Swamp:1  | Found a runed door.
 21851 | Swamp:1  | Paralysed by a hornet for 3 turns
 22841 | Swamp:2  | Reached skill level 10 in Shields
 23298 | Swamp:3  | Reached skill level 1 in Evocations
 23322 | Swamp:3  | Received a gift from Trog
 23679 | Swamp:3  | Noticed Nikola
 23703 | Swamp:3  | Killed Nikola
 23925 | Swamp:4  | Entered Level 4 of the Swamp
 24064 | Swamp:4  | Reached XP level 17. HP: 116/166 MP: 17/17
 24396 | Swamp:4  | Noticed p0werm0de's ghost (journeyman DDFi)
 24428 | Swamp:4  | Killed p0werm0de's ghost
 24474 | Swamp:4  | HP: 65/166 [poisoned by something (poison gas)]
 24479 | Swamp:4  | HP: 46/166 [green death (7)]
 24518 | Swamp:4  | HP: 66/166 [thrashing horror (5)]
 24935 | Swamp:4  | HP: 97/249 [swamp dragon] (5)]
 24940 | Swamp:4  | HP: 51/249 [swamp dragon] (1)]
 24945 | Swamp:4  | HP: 30/249 [poisoned by a swamp dragon (poison gas)]
 24948 | Swamp:4  | HP: 9/166 [poisoned by a swamp dragon (poison gas)]
 24949 | Swamp:4  | HP: 3/166 [poisoned by a swamp dragon (poison gas)]
 24950 | Swamp:4  | Succumbed to a swamp dragon's poison gas

Vault maps used:
D:1:      ldierk_walled_garden, lemuel_flame_loot_1
D:2:      ashenzari_conservatory_becter, grunt_temple_overflow_open,
          amethyst_overflow_temple_binary, serial_bayou_pond_a,
          hangedman_ru_absence
D:3:      serial_park_tiny_pond, uniq_grinder, uniq_natasha, uniq_ijyb
D:4:      lemuel_doored_altar, gammafunk_temple_overflow_claw, first_ration,
          serial_shops, kennysheep_mini, minmay_goblin_kobold_house
D:5:      grunt_temple_overflow_cloverleaf
D:6:      zin_academy, nicolae_overflow_crystal_walls,
          minmay_temple_entry_from_below_a, due_unseen_surprise
D:7:      roderic_roman_lattice, nicolae_wand_duel, uniq_crazy_yiuf_cottage
D:8:      kennysheep_little_box, erik_lair_orcish_takeover, serial_glass,
          glass_columns_b, glass_columns_a, basic_altar, uniq_prince_ribbit1,
          uniq_joseph, uniq_erica
D:10:     cheibrodos_breeding_chamber, orc_david_3
D:11:     uniq_maurice, uniq_nergalle
D:12:     lab_entry_generic
D:13:     erik_vaults_2, hangedman_fish_farm, minmay_beelzebubs_servants
D:14:     palyth_stone_intersect, lemuel_old_faithful, uniq_roxanne
Lair:2:   beast_lair_carwin_large_2, minmay_swamp_entry_worms, minivault_19
Lair:3:   dummy_snake_entry
Lair:4:   basic_altar, lemuel_fruit_tree
Lair:5:   slime_altar_1, grunt_megastairs_5
Lair:6:   cheibrodos_lair_end_hotspot
Swamp:1:  gammafunk_mikee_crab_dinner, nicolae_swamp_fairy_circle, uniq_aizul
Swamp:2:  hangedman_swamp_ruin_wall, infiniplex_staircase_pool
Swamp:3:  basic_altar, uniq_nikola
Swamp:4:  swamp_vile
Orc:1:    serial_shops, shop, basic_altar
Orc:2:    st_orc_pillars, serial_shops, bzr_entry_gold
Bazaar:   bazaar_kenran_forest_clearing

Skill      XL: |  1  2  3  4  5  6  7  8  9 10 11 12 13 14 15 16 17 |
---------------+----------------------------------------------------+-----
Axes           | 4 6 7 8 9 11 14 15 16 18 | 18.0
Fighting       | 4 5 6 7 8 10 11 12 13 14 15 16 18 | 18.7
Shields        | 2 4 6 10 11 | 11.6
Armour         | 3 6 8 10 11 13 14 | 14.5
Dodging        | 3 5 7 9 10 12 13 | 13.5
Evocations     | 2 3 |  3.2

Action                   |  1- 3 |  4- 6 |  7- 9 | 10-12 | 13-15 | 16-18 || total
-------------------------+-------+-------+-------+-------+-------+-------++-------
Melee: Hand axe          |    56 |    50 |   302 |       |       |       ||   408
       Headbutt          |     6 |     9 |    63 |   116 |   119 |   162 ||   475
       War axe           |       |       |    44 |   582 |   545 |       ||  1171
       Broad axe         |       |       |       |       |   138 |   650 ||   788
Throw: Throwing net      |       |       |       |       |       |     1 ||     1
Invok: Berserk           |     1 |     2 |     6 |    15 |    15 |    17 ||    56
       Trog's Hand       |       |       |     2 |     1 |     1 |     5 ||     9
       Brothers in Arms  |       |       |       |     7 |     8 |     6 ||    21
Evoke: Wand              |       |       |       |       |     8 |       ||     8
  Use: Scroll            |       |       |     9 |     5 |    14 |     8 ||    36
       Potion            |       |       |     2 |     4 |     4 |     3 ||    13
 Stab: Sleeping          |       |     2 |     1 |       |       |       ||     3
       Distracted        |       |       |       |     1 |     1 |       ||     2
  Eat: Chunk             |       |     5 |    13 |    29 |    27 |    16 ||    90
       Ration            |       |       |     2 |     3 |     3 |     7 ||    15
Armor: Animal skin       |     8 |    10 |     2 |       |       |       ||    20
       Leather armour    |       |       |    46 |    17 |       |       ||    63
       Plate armour      |       |       |       |   190 |   259 |       ||   449
       Crystal plate arm |       |       |       |       |    28 |   369 ||   397
Dodge: Dodged            |    29 |    22 |   144 |   202 |   275 |   162 ||   834
Block: Buckler           |       |       |    14 |    57 |    84 |       ||   155
       Shield            |       |       |       |       |    46 |   290 ||   336

Table legend:
 A = Spawn XP
 B = Non-spawn XP
 C = Spawn XP percentage of total XP
 D = Spawn monster count
 E = Non-spawn monster count
 F = Spawn count percentage of total count
 G = Total turns spent on level
                    A         B        C        D         E        F      G
               +---------+---------+-------+---------+---------+-------+---------
         Total |       0 |  169911 |   0.0 |       0 |     800 |   0.0 | 24950
               +---------+---------+-------+---------+---------+-------+---------
           D:1 |       0 |       9 |   0.0 |       0 |       2 |   0.0 |    36
           D:2 |       0 |      54 |   0.0 |       0 |      17 |   0.0 |   661
           D:3 |       0 |     605 |   0.0 |       0 |      27 |   0.0 |  1121
           D:4 |       0 |     599 |   0.0 |       0 |      29 |   0.0 |  1141
           D:5 |       0 |     650 |   0.0 |       0 |      20 |   0.0 |  1166
           D:6 |       0 |    1331 |   0.0 |       0 |      34 |   0.0 |  1186
           D:7 |       0 |    1594 |   0.0 |       0 |      39 |   0.0 |   911
           D:8 |       0 |    2866 |   0.0 |       0 |      36 |   0.0 |   936
           D:9 |       0 |    1303 |   0.0 |       0 |      16 |   0.0 |   826
          D:10 |       0 |    3278 |   0.0 |       0 |      26 |   0.0 |  1156
          D:11 |       0 |    4470 |   0.0 |       0 |      28 |   0.0 |   790
          D:12 |       0 |    8795 |   0.0 |       0 |      19 |   0.0 |   525
          D:13 |       0 |   14070 |   0.0 |       0 |      44 |   0.0 |   649
          D:14 |       0 |    7462 |   0.0 |       0 |      32 |   0.0 |   552
        Lair:1 |       0 |    3602 |   0.0 |       0 |      17 |   0.0 |  1236
        Lair:2 |       0 |    3708 |   0.0 |       0 |      23 |   0.0 |  1043
        Lair:3 |       0 |    6179 |   0.0 |       0 |      21 |   0.0 |  1427
        Lair:4 |       0 |    6490 |   0.0 |       0 |      27 |   0.0 |  1174
        Lair:5 |       0 |    7161 |   0.0 |       0 |      26 |   0.0 |   607
        Lair:6 |       0 |   19188 |   0.0 |       0 |      67 |   0.0 |  1733
       Swamp:1 |       0 |   12170 |   0.0 |       0 |      25 |   0.0 |  1034
       Swamp:2 |       0 |   10008 |   0.0 |       0 |      27 |   0.0 |  1040
       Swamp:3 |       0 |    9358 |   0.0 |       0 |      12 |   0.0 |   649
       Swamp:4 |       0 |   27879 |   0.0 |       0 |      57 |   0.0 |  1025
         Orc:1 |       0 |    3503 |   0.0 |       0 |      47 |   0.0 |   567
         Orc:2 |       0 |   13579 |   0.0 |       0 |      82 |   0.0 |  1620
               +---------+---------+-------+---------+---------+-------+---------
